 Dungeon Crawl Stone Soup version 0.20-a0-823-gdec668e (webtiles) character file.

10906 kidcy the Destroyer (level 11, -3/90 HPs)
             Began as a Barachian Conjurer on Mar 6, 2017.
             Was a Priest of Vehumet.
             Slain by a yak (13 damage)
             ... on level 1 of the Lair of Beasts.
             The game lasted 00:43:01 (19222 turns).

kidcy the Destroyer (Barachian Conjurer)           Turns: 19222, Time: 00:43:02

Health: -3/90      AC:  8    Str:  9    XL:     11   Next: 69%
Magic:  6/25       EV: 16    Int: 18    God:    Vehumet [***...]
Gold:   211        SH:  0    Dex: 17    Spells: 9/30 levels left

rFire    . . .     SeeInvis +   c - +1 whip (flame)
rCold    . . .     Gourm    .   n - +0 ring mail of Amonwos {Dex+3} (curse)
rNeg     . . .     Faith    .   (no shield)
rPois    .         Spirit   .   (no helmet)
rElec    .         Reflect  .   o - +1 cloak
rCorr    .         Harm     .   (no gloves)
MR       .....     Clarity  +   q - +0 pair of boots
Stlth    +.........             (no amulet)
Regen    0.3/turn               p - +5 ring of evasion
MPRegen  0.2/turn               y - ring of see invisible

@: can't hop, slow
A: +LOS, swims, clarity, screaming 1, slowness 1, strong legs 1
a: Hop, Renounce Religion


You were on level 1 of the Lair of Beasts.
You worshipped Vehumet.
Vehumet was most pleased with you.
You were not hungry.

You visited 3 branches of the dungeon, and saw 13 of its levels.

You collected 631 gold pieces.
You spent 420 gold pieces at shops.

Inventory:

Hand Weapons
 c - a +1 whip of flaming (weapon)
Armour
 a - a +0 robe
 n - the cursed +0 ring mail of Amonwos (worn) {Dex+3}
   (You bought it in a shop on level 9 of the Dungeon)

   It affects your dexterity (+3).
   It has a curse placed upon it.
 o - a +1 cloak (worn)
 q - a +0 pair of boots (worn)
Magical Staves
 l - an uncursed staff of fire
Jewellery
 g - an uncursed ring of fire
 p - a +5 ring of evasion (right hand)
 y - a ring of see invisible (left hand)
Wands
 d - a wand of acid (1/15)
 m - a wand of iceblast (8/15)
 r - a wand of digging (6/24)
 u - a wand of disintegration (17/24)
 x - a wand of lightning (2/15)
 D - a wand of iceblast (9/15)
Scrolls
 e - 4 scrolls of amnesia
 h - 2 scrolls of immolation
 j - 2 scrolls of magic mapping
 C - 3 scrolls of identify
Potions
 i - a potion of agility
 k - 2 potions of flight
 s - a potion of resistance {unknown}
 t - a potion of mutation
 B - 2 potions of brilliance {unknown}
Books
 b - a book of Conjurations

   Spells                             Type                      Level
   a - Magic Dart                     Conjuration                  1
   b - Searing Ray                    Conjuration                  2
   c - Dazzling Spray                 Conjuration/Hexes            3
   d - Fulminant Prism                Conjuration/Hexes            4
   e - Force Lance                    Conjuration/Translocation    4
   f - Iskenderun's Mystic Blast      Conjuration                  4
Miscellaneous
 E - a phantom mirror
Comestibles
 f - 19 fruits
 w - 4 royal jellies
 z - 2 meat rations
 A - a bread ration


   Skills:
 * Level 9.7 Fighting
 - Level 2.1 Dodging
 - Level 1.7 Stealth
 + Level 10.0 Spellcasting
 + Level 13.5 Conjurations
 - Level 3.2 Hexes
 - Level 3.4 Translocations


You had 9 spell levels left.
You knew the following spells:

 Your Spells              Type           Power        Failure   Level  Hunger
a - Magic Dart            Conj           ####         1%          1    None
b - Searing Ray           Conj           ######       1%          2    None
c - Dazzling Spray        Conj/Hex       #####.       1%          3    None
d - Iskenderun's Mystic   Conj           ######..     1%          4    ###....
e - Force Lance           Conj/Tloc      #####...     2%          4    ###....
f - Fulminant Prism       Conj/Hex       #####.....   2%          4    ###....
g - Ensorcelled Hibernat  Hex/Ice        ##....       17%         2    None
x - Flame Tongue          Conj/Fire      ####.        1%          1    None


Dungeon Overview and Level Annotations

Branches:
Dungeon (11/15)            Temple (1/1) D:4            Lair (1/6) D:10
    Orc: D:9-12

Altars:
Ashenzari
Cheibriados
Dithmenos
Elyvilon
Fedhas
Gozag
Hepliaklqana
Kikubaaqudgha
Makhleb
Nemelex Xobeh
Okawaru
Qazlal
Ru
Sif Muna
Trog
Uskayaw
Vehumet
Wu Jian
Xom
Yredelemnul
Zin
The Shining One

Shops:
D:5 }   D:9 *

Annotations:
D:2 Sigmund
D:3 Grinder
D:9 derval's ghost, novice MfSk
D:10 exclusion: upstairs


Innate Abilities, Weirdness & Mutations

Shadows flee at your approach. (+LOS)
You can swim through water.
You cover ground slowly.
You can hop short distances.
You possess an exceptional clarity of mind.
You occasionally shout uncontrollably at your foes.


Message History

(Press . to maintain the ray.)
The yak gores you!
* * * LOW HITPOINT WARNING * * *
The searing ray hits the yak.
You kill the yak!
Vehumet accepts your kill.
You feel your power returning. The yak gores you!
* * * LOW HITPOINT WARNING * * *
The yak barely misses you. The yak gores you!
* * * LOW HITPOINT WARNING * * *
Okay, then.
As you read the scroll labeled DERROACUNIC, it crumbles to dust.
Wisps of shadow whirl around you...
It was a scroll of summoning.
The yak closely misses you. The yak gores your porcupine. The yak gores you.
* * * LOW HITPOINT WARNING * * *
Your water moccasin bites the yak.
The yak gores your yak!
Your porcupine completely misses the yak.
Your yak gores the yak.
Your yak closely misses the yak.
The yak gores you!
You die...

#.†#####...##......#...
#..# #..###..........
##..###
##Y.##.....##...
##....P#
#.###..>.######
##......####.# #....# #
#(......r##..# #....#
##......YY##.##.....#
#......SYY##..#.....P
##.....YY@##:###....##
#....Y.Yt##.# #....#
#.......Y..Y# #....#
#........†.$# #....#
#...........#
#.............
##.....).#.....
.#.....#####..# #...##
#.#


You could see 3 yaks, 6 friendly yaks, a friendly water moccasin, a friendly
crocodile and a friendly porcupine.

Vanquished Creatures
  A two-headed ogre (D:8)
  Pikel (D:5)
  2 spiny frogs (Lair:1)
  Joseph (D:8)
  Psyche (D:10)
  The ghost of Gorglomux the Changer, a novice DrTm (D:6)
  4 hippogriffs
  A wyvern (D:8)
  3 yaks (Lair:1)
  A wraith (D:10)
  A human (D:8)
  2 hungry ghosts
  4 hogs (D:8)
  2 water moccasins (Lair:1)
  15 porcupines (Lair:1)
  5 orc warriors
  6 ice beasts
  2 sky beasts
  A phantom (D:4)
  3 ogres
  2 centaurs
  A wolf (Lair:1)
  2 crocodiles
  A big kobold (D:6)
  6 bullfrogs
  3 scorpions
  4 killer bees
  3 wights (D:10)
  3 howler monkeys
  A centaur zombie (D:8)
  5 crimson imps
  A quasit (D:5)
  5 hounds
  2 jellies
  8 orc wizards
  3 orc priests (D:8)
  A bullfrog skeleton (D:8)
  2 centaur skeletons (D:9)
  6 iguanas
  7 worker ants
  A hound skeleton (D:4)
  A worker ant zombie (D:10)
  3 gnolls (D:5)
  5 adders
  3 worms
  12 dart slugs
  3 leopard geckos
  43 orcs
  9 bats
  5 giant cockroaches
  10 goblins
  8 hobgoblins
  13 jackals
  11 kobolds
  4 quokkas
  4 frilled lizards
  4 rats
  4 fulminant prisms
266 creatures vanquished.

Vanquished Creatures (others)
  A slave (D:5)
  A scorpion (D:5)
  An iguana (D:5)
  A leopard gecko zombie (D:5)
  A quokka skeleton (D:5)
  45 fulminant prisms
50 creatures vanquished.

Grand Total: 316 creatures vanquished

Notes
Turn   | Place    | Note
-------+----------+-------------------------------------------
     0 | D:1      | kidcy the Barachian Conjurer began the quest for the Orb.
     0 | D:1      | Reached XP level 1. HP: 13/13 MP: 3/3
   579 | D:1      | Reached XP level 2. HP: 8/19 MP: 0/5
  1213 | D:1      | Learned a level 2 spell: Searing Ray
  1599 | D:2      | Reached XP level 3. HP: 24/24 MP: 5/7
  1628 | D:2      | Found a basalt altar of Yredelemnul.
  1731 | D:2      | Reached skill level 5 in Conjurations
  1853 | D:2      | Learned a level 3 spell: Dazzling Spray
  2079 | D:2      | Noticed Sigmund
  2531 | D:2      | Found a faded altar of an unknown god.
  2616 | D:2      | Found an ornate altar of the Wu Jian Council.
  2724 | D:2      | Reached XP level 4. HP: 30/30 MP: 5/9
  3483 | D:3      | Learned a level 4 spell: Iskenderun's Mystic Blast
  3520 | D:3      | Noticed Grinder
  3564 | D:3      | Found a blossoming altar of Fedhas.
  3705 | D:2      | Reached XP level 5. HP: 29/35 MP: 3/10
  3759 | D:2      | Reached skill level 6 in Conjurations
  4183 | D:3      | Paralysed by Grinder for 2 turns
  4186 | D:3      | Paralysed by Grinder for 4 turns
  4651 | D:3      | Reached XP level 6. HP: 21/41 MP: 4/12
  5177 | D:4      | Noticed a phantom
  5187 | D:4      | Killed a phantom
  5187 | D:4      | Reached skill level 7 in Conjurations
  5247 | D:4      | Learned a level 4 spell: Force Lance
  5341 | D:4      | Found a staircase to the Ecumenical Temple.
  5372 | D:4      | You fall through a shaft for 2 floors!
  5372 | D:6      | Noticed a sky beast
  5374 | D:6      | Noticed Gorglomux's ghost (novice DrTm)
  5375 | D:5      | Entered Level 5 of the Dungeon
  5375 | D:5      | Found a shattered altar of Ashenzari.
  5377 | D:5      | Reached XP level 7. HP: 46/46 MP: 5/14
  5450 | D:5      | Found Yrruc's Assorted Antiques.
  5473 | D:5      | Found a stormy altar of Qazlal.
  5518 | D:5      | Reached skill level 5 in Spellcasting
  5783 | D:6      | Reached skill level 8 in Conjurations
  5839 | D:6      | Reached skill level 1 in Translocations
  6223 | D:5      | Found a hide-covered altar of Uskayaw.
  6227 | D:5      | Noticed Pikel
  6305 | D:5      | Killed Pikel
  6305 | D:5      | Reached skill level 9 in Conjurations
  6305 | D:5      | Reached XP level 8. HP: 13/52 MP: 0/17
  6971 | D:5      | Found a sacrificial altar of Ru.
  7106 | D:5      | Learned a level 4 spell: Fulminant Prism
  7195 | Temple   | Entered the Ecumenical Temple
  7808 | D:5      | Got a slimy mace
  7809 | D:5      | Identified the +8 mace "Juizo" {freeze, *Rage rC+ rN+} (You found it on level 5 of the Dungeon)
  7822 | D:5      | Found a shadowy altar of Dithmenos.
  7829 | D:5      | Found a sparkling altar of Nemelex Xobeh.
  7922 | D:5      | Found Egrir's Gadget Shop.
  7931 | D:5      | Bought a wand of iceblast (8/15) for 132 gold pieces
  7994 | D:5      | Found an iron altar of Okawaru.
  8193 | D:6      | Reached skill level 10 in Conjurations
  8193 | D:6      | Reached skill level 1 in Hexes
  8352 | D:6      | Reached XP level 9. HP: 51/57 MP: 1/18
  8956 | D:6      | Found a radiant altar of Vehumet.
  8972 | D:6      | Became a worshipper of Vehumet
  9361 | D:6      | Killed Gorglomux's ghost
 10465 | D:6      | Reached * piety under Vehumet
 10465 | D:6      | Offered knowledge of Shock by Vehumet.
 10468 | D:6      | Reached skill level 11 in Conjurations
 11681 | D:8      | Noticed Joseph
 12147 | D:8      | Killed Joseph
 12147 | D:8      | Reached skill level 12 in Conjurations
 12284 | D:8      | Reached XP level 10. HP: 61/63 MP: 16/21
 12508 | D:8      | Found a stormy altar of Qazlal.
 12825 | D:8      | Reached skill level 1 in Fighting
 12992 | D:8      | Gained mutation: You possess an exceptional clarity of mind. [mutagenic meat]
 12993 | D:8      | Gained mutation: You occasionally shout uncontrollably at your foes. [mutagenic meat]
 13191 | D:8      | Noticed a two-headed ogre
 13685 | D:8      | Reached ** piety under Vehumet
 13685 | D:8      | Offered knowledge of Flame Tongue by Vehumet.
 13695 | D:8      | Learned a level 1 spell: Flame Tongue
 13887 | D:8      | Killed a two-headed ogre
 13887 | D:8      | Reached skill level 5 in Fighting
 14942 | D:9      | Noticed derval's ghost (novice MfSk)
 15477 | D:9      | Found Cohima's Assorted Antiques.
 15478 | D:9      | Found a glowing golden altar of the Shining One.
 15478 | D:9      | Found a white marble altar of Elyvilon.
 15484 | D:9      | Bought a pitted ring mail for 288 gold pieces
 15484 | D:9      | Identified the cursed +0 ring mail of Amonwos {Dex+3} (You bought it in a shop on level 9 of the Dungeon)
 15821 | D:9      | Offered knowledge of Ignite Poison by Vehumet.
 15962 | D:9      | Found a glowing silver altar of Zin.
 16009 | D:9      | Reached XP level 11. HP: 83/83 MP: 21/24
 16061 | D:10     | Entered Level 10 of the Dungeon
 16245 | D:10     | Learned a level 2 spell: Ensorcelled Hibernation
 16262 | D:10     | Noticed Psyche
 16271 | D:10     | Killed Psyche
 16271 | D:10     | Reached skill level 13 in Conjurations
 16697 | D:10     | Reached *** piety under Vehumet
 17192 | D:10     | Got a heavily jewelled robe
 17193 | D:10     | Identified the +0 robe "Duluon" {*Corrode rF+++ Dex-2 Slay+6} (You found it on level 10 of the Dungeon)
 17197 | D:10     | Found a staircase to the Lair.
 17846 | Lair:1   | Entered Level 1 of the Lair of Beasts
 19101 | Lair:1   | Offered knowledge of Stone Arrow by Vehumet.
 19145 | Lair:1   | Reached skill level 10 in Spellcasting
 19222 | Lair:1   | Slain by a yak

Vault maps used:
D:1:      arrival_zaba_pyramid
D:2:      lemuel_doored_altar, yredelemnul_altar_generic,
          chequers_ecumenical_altar_lobes, grunt_gozag_breadcrumbs, uniq_sigmund
D:3:      kennysheep_slugbush, fedhas_altar_fruit_tree, uniq_grinder,
          uniq_crazy_yiuf_cottage
D:4:      minmay_temple_entry_poolview, first_bread
D:5:      lemuel_crystal_altar, nicolae_ru_awakened_eye, kennysheep_little_box,
          okawaru_metal_pillars_1_2, amethyst_overflow_temple_binary,
          evilmike_ruin_ashenzari, serial_shops, shop, shop, uniq_pikel
D:6:      vehumet_crystals, hangedman_decor_diamond_cutter
D:8:      special_room, grunt_livestock, grunt_qazlal_clouds, uniq_joseph
D:9:      good_gods_mini_temple, serial_shops, shop
D:10:     lair_entry_dummy, uniq_psyche
D:11:     hiddenorc1_lemuel, enter_bailey_2
Temple:   jpeg_temple_island
Lair:1:   beast_lair_carwin_7, serial_bayou_shore_b, infiniplex_staircase_pool_2

Skill      XL: |  1  2  3  4  5  6  7  8  9 10 11 |
---------------+----------------------------------+-----
Spellcasting   | 3 4 6 7 9 10 | 10.0
Conjurations   | 5 6 7 9 10 12 13 | 13.5
Translocations | 3 |  3.4
Hexes          | 1 3 |  3.2
Fighting       | 6 9 |  9.7
Dodging        | |  2.1
Stealth        | |  1.7

Action                   |  1- 3 |  4- 6 |  7- 9 | 10-12 || total
-------------------------+-------+-------+-------+-------++-------
Melee: Staff             |     5 |     8 |     9 |       ||    22
       Whip              |       |       |    97 |    89 ||   186
 Cast: Magic Dart        |    82 |    94 |   152 |   171 ||   499
       Searing Ray       |     9 |    11 |    13 |    52 ||    85
       Iskenderun's Myst |       |    11 |    54 |    31 ||    96
       Fulminant Prism   |       |       |    13 |    36 ||    49
       Force Lance       |       |       |     9 |    12 ||    21
       Flame Tongue      |       |       |       |    16 ||    16
       Ensorcelled Hiber |       |       |       |     1 ||     1
 Abil: Hop               |     3 |     3 |     7 |    12 ||    25
Evoke: Wand              |       |       |     1 |       ||     1
  Use: Scroll            |       |     3 |    12 |    10 ||    25
       Potion            |       |     3 |     8 |     3 ||    14
  Eat: Bread ration      |     1 |       |     2 |     1 ||     4
       Chunk             |     3 |     9 |     8 |    15 ||    35
       Fruit             |       |     1 |       |       ||     1
       Meat ration       |       |       |     3 |     1 ||     4
       Royal jelly       |       |       |     2 |     3 ||     5
Armor: Robe              |    10 |    23 |    25 |     6 ||    64
       Skin              |       |       |    26 |       ||    26
       Ring mail         |       |       |       |    39 ||    39
Dodge: Dodged            |    42 |   124 |   143 |   160 ||   469
